 Dungeon Crawl Stone Soup version 0.18.1-50-g88ac8fd (webtiles) character file.

780 Franakus the Conjurer (level 7, 0/37 HPs)
             Began as a Deep Elf Conjurer on Oct 27, 2016.
             Slain by a centaur (3 damage)
             ... on level 6 of the Dungeon.
             The game lasted 00:27:46 (1534 turns).

Franakus the Conjurer (Deep Elf Conjurer)           Turns: 1534, Time: 00:27:50

Health: 0/37       AC:  3    Str:  7    XL:     7   Next: 55%
Magic:  14/18      EV: 15    Int: 20    God:
Gold:   159        SH:  0    Dex: 15    Spells: 4 memorised, 8 levels left

rFire  . . .     SeeInvis +     q - +9 broad axe of Infection {venom, Str+2 SInv}
rCold  . . .     Gourm    .     a - +1 robe
rNeg   . . .     Faith    .     (no shield)
rPois  .         Spirit   .     (no helmet)
rElec  .         Dismiss  .     (no cloak)
rCorr  .         Reflect  .     (no gloves)
SustAt .         Harm     .     (no boots)
MR     .....                    (no amulet)
Stlth  +++.......               (no ring)
                                k - -2 ring of intelligence (curse)

@: not resistant to hostile enchantments, fairly stealthy
A: no striking features
a: no special abilities


You were on level 6 of the Dungeon.
You were hungry.

You visited 2 branches of the dungeon, and saw 8 of its levels.

You collected 159 gold pieces.

Inventory:

Hand Weapons
 d - a +2 falchion of electrocution
 e - a +1 short sword
 m - the +7 rapier "Rib Xoso" {flame, rElec MR+ Dex+2}
   (You found it on level 5 of the Dungeon)

   It has been specially enchanted to burn those struck by it, causing extra
   injury to most foes and up to half again as much damage against particularly
   susceptible opponents.
   It affects your dexterity (+2).
   It insulates you from electricity.
   It affects your resistance to hostile enchantments.
 q - the +9 broad axe of Infection (weapon) {venom, Str+2 SInv}
   (You found it on level 5 of the Dungeon)

   It poisons the flesh of those it strikes.
   It affects your strength (+2).
   It lets you see invisible.
Armour
 a - a +1 robe (worn)
 o - a +0 pair of gloves
Jewellery
 k - a cursed -2 ring of intelligence (left hand)
Wands
 g - a wand of iceblast (6/15)
 i - a wand of confusion (11/48)
 j - a wand of slowing (35/48)
Scrolls
 l - a scroll of identify
 n - a scroll of remove curse {unknown}
 p - a scroll of noise {unknown}
Potions
 f - 4 potions of curing {unknown}
Books
 b - a book of Conjurations

   Spells                             Type                      Level
   a - Magic Dart                     Conjuration                  1
   b - Searing Ray                    Conjuration                  2
   c - Dazzling Spray                 Conjuration/Hexes            3
   d - Fulminant Prism                Conjuration/Hexes            4
   e - Iskenderun's Mystic Blast      Conjuration                  4
   f - Iskenderun's Battlesphere      Conjuration/Charms           5
Comestibles
 c - 3 bread rations
 h - a meat ration


   Skills:
 + Level 0.7 Fighting
 + Level 1.0 Long Blades
 + Level 0.1 Axes
 + Level 5.0 Dodging
 + Level 4.2 Stealth
 + Level 6.0 Spellcasting
 + Level 7.2 Conjurations
 + Level 1.0 Evocations


You had 8 spell levels left.
You knew the following spells:

 Your Spells              Type           Power        Failure   Level  Hunger
a - Magic Dart            Conj           ####         1%          1    None
b - Searing Ray           Conj           #####.       1%          2    None
c - Dazzling Spray        Conj/Hex       ###...       10%         3    ##.....
d - Iskenderun's Mystic   Conj           #####...     8%          4    ####...


Dungeon Overview and Level Annotations

Branches:
Dungeon (7/15)             Temple (1/1) D:5

Altars:
Ashenzari
Cheibriados
Gozag
Kikubaaqudgha
Nemelex Xobeh
Ru
Trog
The Shining One

Shops:
D:4 [   D:5 }   D:6 }

Annotations:
D:3 Ijyb
D:4 Eustachio


Message History

Casting: Searing Ray
Confirm with . or Enter, or press ? or * to list all spells.
Aiming: Iskenderun's Mystic Blast
Press: ? - help, Shift-Dir - straight line, f - centaur
Aim: a centaur, wielding a shortbow The orb of energy hits the centaur.
You are feeling hungry.
The centaur shoots an arrow.
The arrow hits you!
The centaur shoots an arrow.
The arrow hits you.
You see here an arrow.
The centaur unwields an uncursed shortbow.
The centaur barely misses you.
You hit the centaur.
The centaur is poisoned.
The centaur is lightly wounded.
The centaur hits you.
* * * LOW HITPOINT WARNING * * *
The centaur hits you.
* * * LOW HITPOINT WARNING * * *
The centaur hits you.
You die...

#.# #.# #.#
#.# #.# #.#
#.#
#.#######+#
#.((@c....#
###########


You could see a centaur.

Vanquished Creatures
  An orc warrior (D:6)
  An ice beast (D:6)
  2 ogres
  A giant frog (D:6)
  2 howler monkeys
  A crimson imp (D:5)
  A quasit (D:6)
  An orc priest (D:6)
  A hound (D:6)
  5 worker ants
  An adder (D:5)
  4 giant geckos
  5 orcs
  A ball python (D:6)
  3 giant cockroaches (D:5)
  4 jackals (D:5)
  A kobold (D:1)
  2 quokkas
  A giant newt (D:4)
  4 rats
42 creatures vanquished.

Vanquished Creatures (others)
  A goblin (D:3)
1 creature vanquished.

Grand Total: 43 creatures vanquished

Notes
Turn   | Place    | Note
--------------------------------------------------------------
     0 | D:1      | Franakus the Deep Elf Conjurer began the quest for the Orb.
     0 | D:1      | Reached XP level 1. HP: 10/10 MP: 6/6
   202 | D:3      | Noticed Ijyb
   221 | D:4      | Noticed a worker ant
   232 | D:4      | Found Xexaf's Antique Armour Emporium.
   244 | D:4      | Noticed Eustachio
   263 | D:4      | Noticed a worker ant
   394 | D:5      | Entered Level 5 of the Dungeon
   402 | D:5      | Reached XP level 2. HP: 14/15 MP: 4/8
   456 | D:4      | Learned a level 2 spell: Searing Ray
   527 | D:4      | Reached skill level 5 in Conjurations
   527 | D:4      | Reached XP level 3. HP: 19/19 MP: 2/9
   532 | D:4      | Learned a level 3 spell: Dazzling Spray
   691 | D:5      | Reached XP level 4. HP: 20/24 MP: 7/11
   737 | D:5      | Noticed an ogre
   748 | D:5      | Killed an ogre
   748 | D:5      | Reached skill level 6 in Conjurations
   748 | D:5      | Reached XP level 5. HP: 28/28 MP: 0/13
   751 | D:5      | Noticed a hippogriff
   754 | D:5      | Learned a level 4 spell: Iskenderun's Mystic Blast
   791 | D:6      | Noticed an ogre
   799 | D:6      | Killed an ogre
   799 | D:6      | Reached XP level 6. HP: 33/33 MP: 3/14
   870 | D:6      | Noticed an ice beast
   918 | D:6      | Reached skill level 5 in Spellcasting
  1090 | D:6      | Found Cigas's Gadget Emporium.
  1125 | D:6      | Killed an ice beast
  1125 | D:6      | Reached skill level 7 in Conjurations
  1125 | D:6      | Reached XP level 7. HP: 34/37 MP: 13/17
  1147 | D:6      | Reached skill level 1 in Evocations
  1177 | D:5      | Got a translucent rapier
  1189 | D:5      | Found Xauc Lep's Gadget Shop.
  1216 | D:5      | Reached skill level 1 in Long Blades
  1321 | D:5      | Got a polished broad axe
  1329 | D:5      | Found a staircase to the Ecumenical Temple.
  1339 | Temple   | Entered the Ecumenical Temple
  1479 | D:5      | Identified the +7 rapier "Rib Xoso" {flame, rElec MR+ Dex+2} (You found it on level 5 of the Dungeon)
  1480 | D:5      | Identified the +9 broad axe of Infection {venom, Str+2 SInv} (You found it on level 5 of the Dungeon)
  1516 | D:6      | Reached skill level 5 in Dodging
  1534 | D:6      | Slain by a centaur

Skill      XL: |  1  2  3  4  5  6  7 |
---------------+----------------------+-----
Conjurations   | 5 6 7 |  7.2
Dodging        | 3 4 5 |  5.0
Spellcasting   | 4 5 6 |  6.0
Stealth        | 3 4 |  4.2
Evocations     | 1 |  1.0
Long Blades    | 1 |  1.0
Fighting       | |  0.7
Axes           | |  0.1

Action                   |  1- 3 |  4- 6 |  7- 9 || total
-------------------------+-------+-------+-------++-------
Melee: Falchion          |     4 |    19 |    17 ||    40
       Broad axe         |       |       |     3 ||     3
 Cast: Magic Dart        |    17 |     8 |     7 ||    32
       Searing Ray       |     4 |     8 |     3 ||    15
       Iskenderun's Myst |       |       |     4 ||     4
Evoke: Wand              |     2 |     1 |     5 ||     8
  Use: Scroll            |     4 |     3 |       ||     7
 Stab: Sleeping          |       |       |     3 ||     3
  Eat: Chunk             |       |       |     2 ||     2
Armor: Robe              |     1 |     8 |     1 ||    10
Dodge: Dodged            |    14 |    39 |    19 ||    72
